 Dungeon Crawl Stone Soup version 0.19-a0-926-g4486784 (webtiles) character file.

21413 Lessnames the Carver (level 12, -9/100 HPs)
             Began as a Demonspawn Fighter on July 6, 2016.
             Was a High Priest of Okawaru.
             Mangled by a stone giant (21 damage)
             ... on level 1 of the Orcish Mines.
             The game lasted 00:46:08 (18903 turns).

Lessnames the Carver (Demonspawn Fighter)          Turns: 18903, Time: 00:46:09

Health: -9/100     AC: 25    Str: 20 (21) XL:     12   Next: 54%
Magic:  19/20      EV:  7    Int: 14      God:    Okawaru [*****.]
Gold:   1043       SH:  0    Dex: 16      Spells: 3 memorised, 16 levels left

rFire  . . .     SeeInvis .     F - +1 great sword
rCold  + . .     Gourm    .     H - +1 plate armour
rNeg   . . .     Faith    .     (shield currently unavailable)
rPois  .         Spirit   .     (helmet restricted)
rElec  .         Dismiss  .     y - +2 cloak
rCorr  .         Reflect  .     b - +0 pair of gloves
SustAt .         Harm     .     (no boots)
MR     ++...                    (no amulet)
Stlth  ..........               a - +3 ring of strength
                                C - ring of protection from magic

@: very resistant to hostile enchantments, extremely unstealthy
A: antennae 2, iridescent scales 3, clever 2, cold resistance 1, deterioration
1, foul stench 1, magic resistance 1, sense surroundings 1, rot immunity
a: Heroism, Finesse, Renounce Religion


You were on level 1 of the Orcish Mines.
You worshipped Okawaru.
Okawaru was extremely pleased with you.
You were not hungry.

You visited 3 branches of the dungeon, and saw 15 of its levels.

You collected 1043 gold pieces.

Inventory:

Hand Weapons
 e - a +1 dagger of electrocution
 F - a +1 great sword (weapon)
Missiles
 w - 15 tomahawks
 E - 3 javelins (quivered)
 S - 2 tomahawks of returning
Armour
 b - a +0 pair of gloves (worn)
 c - a +0 shield
 y - a +2 cloak (worn)
 H - a +1 plate armour (worn)
Jewellery
 a - a +3 ring of strength (right hand)
 C - a ring of protection from magic (left hand)
Wands
 o - a wand of hasting (7/9)
 z - a wand of flame (24/48)
 J - a wand of confusion (7/48)
 N - a wand of paralysis (11/24)
 R - a wand of digging (1/24)
Scrolls
 g - 8 scrolls of remove curse
 l - 3 scrolls of magic mapping
 p - 2 scrolls of blinking
 q - 4 scrolls of enchant weapon
 r - 6 scrolls of teleportation
 s - 2 scrolls of recharging
 x - 2 scrolls of fog
 A - a scroll of silence
 K - a scroll of amnesia
Potions
 d - 2 potions of might
 h - a potion of flight {unknown}
 i - 2 potions of curing
 k - a potion of haste
 m - a potion of heal wounds
 v - a potion of agility
 I - a potion of cure mutation
 M - 2 potions of mutation
 Q - a potion of brilliance
Books
 t - a book of Battle

   Spells                             Type                      Level
   a - Infusion                       Charms                       1
   b - Shroud of Golubria             Charms/Translocation         2
   c - Song of Slaying                Charms                       2
   d - Spectral Weapon                Hexes/Charms                 3
   e - Regeneration                   Charms/Necromancy            3
 O - a Necronomicon

   Spells                             Type                      Level
   a - Haunt                          Necromancy/Summoning         7
   b - Borgnjor's Revivification      Necromancy                   8
   c - Death's Door                   Charms/Necromancy            8
   d - Infestation                    Necromancy                   8
   e - Necromutation                  Transmutation/Necromancy     8
Comestibles
 f - 13 bread rations
 j - 7 meat rations
 n - 2 beef jerkies
 u - 3 slices of pizza
 B - 7 chunks of flesh
 D - 17 fruits
 L - a royal jelly


   Skills:
 + Level 11.0 Fighting
 + Level 13.3 Long Blades
 * Level 5.4 Armour
 * Level 2.9 Dodging
 - Level 2.6 Shields
 * Level 5.5 Spellcasting
 * Level 5.5 Charms
 - Level 2.0 Necromancy


You had 16 spell levels left.
You knew the following spells:

 Your Spells              Type           Power        Failure   Level  Hunger
a - Infusion              Chrm           ###.         52%         1    None
b - Song of Slaying       Chrm           ###.....     77%         2    ##.....
c - Regeneration          Chrm/Necr      ##........   100%        3    ###....


Dungeon Overview and Level Annotations

Branches:
Dungeon (13/15)            Temple (1/1) D:7            Lair (0/6) D:9
    Orc (1/2) D:12
 Vaults: D:13-14

Altars:
Ashenzari
Fedhas
Gozag
Hepliaklqana
Kikubaaqudgha
Makhleb
Okawaru
Pakellas
Qazlal
Ru
Sif Muna
Trog
Uskayaw
Vehumet
Zin
The Shining One
Beogh

Shops:
D:6 [   D:8 }   D:10 ?   Orc:1 }

Annotations:
D:6 Lessnames's ghost, novice DgFi
D:11 1 exclusion
D:12 Frances


Innate Abilities, Weirdness & Mutations

You have a pair of antennae on your head.
You are completely covered in iridescent scales. (AC +8)
Your flesh is cold resistant. (rC+)
You may emit foul miasma when damaged in melee.
You are immune to rotting.
Your mind is very acute. (Int +4)
Your body sometimes deteriorates upon taking damage.
You are resistant to hostile enchantments. (MR+)
You passively map a small area around you.


Message History

The stone giant is moderately wounded.
The stone giant misses you.
The orc wizard mumbles some strange words.
The orc wizard blinks!
You slice the stone giant!!
The stone giant is heavily wounded.
The stone giant hits you!!
An orc priest comes into view. It is wielding a club.
The orc priest shouts!
You hit the stone giant.
The stone giant is heavily wounded.
You slash the stone giant!
The stone giant is severely wounded.
You feel like a meek peon again. The stone giant hits you!!
* * * LOW HITPOINT WARNING * * *
You slash the stone giant!
The stone giant is almost dead.
The stone giant hits you!!
You die...

,#.#.#........>.#...#..#* *
#.....#.........∩....# ,,
##....##......#...#.## ,*
##...)##.#.#....#.#..# *
#....).).............# ###
#...................##
#.###............##.##.###
...#...........Co#.......##
..##............@.........#
............o###)......#.##
#.##.##.##....##........##
########.#.#.###........##
.# #.......##.........# ##
#.......###.....#.## #**
*#...#.#.## #..(.#### ,,
#.#C..#### #...## .o....#
##...#


You could see a stone giant, an orc priest and an orc wizard.

Vanquished Creatures
  Snorg (D:12)
  An ettin (Orc:1)
  Josephine (D:11)
  A tengu warrior (D:11)
  Nergalle (D:10)
  3 hill giants
  3 unseen horrors
  An ugly thing (D:12)
  A cyclops (D:12)
  2 centaur zombies (D:12)
  3 gargoyles
  A komodo dragon (D:13)
  2 trolls
  A two-headed ogre (D:11)
  A tengu conjurer (D:13)
  3 wyverns
  4 wraiths
  6 yaks
  3 hippogriffs
  A hungry ghost (D:11)
  A steam dragon (D:11)
  5 swamp worms (D:11)
  10 orc warriors
  2 sky beasts (D:8)
  An eye of draining (D:12)
  A necrophage (D:12)
  13 ogres
  4 ice beasts
  2 phantoms
  14 centaurs
  A crocodile (D:8)
  10 giant frogs
  5 big kobolds
  A gnoll sergeant (D:7)
  3 scorpions
  9 killer bees
  4 wights
  2 howler monkeys
  3 electric eels
  4 crimson imps
  2 giant frog zombies
  6 hounds
  2 centaur skeletons
  8 orc priests
  3 giant frog skeletons
  4 jellies
  18 orc wizards
  11 worker ants
  5 iguanas
  A hound skeleton (D:4)
  2 worker ant zombies
  10 gnolls
  14 adders
  A river rat (D:9)
  2 shadow imps
  11 worms
  A dart slug (D:2)
  10 giant geckos
  67 orcs
  12 giant cockroaches
  5 goblins
  9 hobgoblins
  5 quokkas
  A ball python (D:3)
  22 bats
  7 giant newts
  33 kobolds
  16 rats
423 creatures vanquished.

Vanquished Creatures (others)
  6 fungi (D:9)
  12 plants
18 creatures vanquished.

Grand Total: 441 creatures vanquished

Notes
Turn   | Place    | Note
-------+----------+-------------------------------------------
     0 | D:1      | Lessnames the Demonspawn Fighter began the quest for the Orb.
     0 | D:1      | Reached XP level 1. HP: 18/18 MP: 1/1
    28 | D:1      | Reached skill level 2 in Long Blades
   318 | D:1      | Gained mutation: Your flesh is cold resistant. (rC+) [demonic ancestry]
   318 | D:1      | Reached XP level 2. HP: 22/24 MP: 2/2
   660 | D:1      | Reached skill level 3 in Long Blades
  1003 | D:2      | Reached XP level 3. HP: 28/29 MP: 3/3
  1033 | D:2      | Found a faded altar of an unknown god.
  1595 | D:2      | Gained mutation: You are immune to rotting. [demonic ancestry]
  1595 | D:2      | Reached XP level 4. HP: 31/35 MP: 4/4
  1628 | D:2      | Found an ancient bone altar of Kikubaaqudgha.
  1666 | D:2      | Found a sacrificial altar of Ru.
  1674 | D:2      | Reached skill level 4 in Long Blades
  2315 | D:3      | Gained mutation: You are partially covered in iridescent scales. (AC +4) [demonic ancestry]
  2315 | D:3      | Reached XP level 5. HP: 40/41 MP: 5/5
  2528 | D:2      | Reached skill level 5 in Long Blades
  3457 | D:3      | Gained mutation: You have a pair of small antennae on your head. [demonic ancestry]
  3457 | D:3      | Reached XP level 6. HP: 23/47 MP: 6/6
  4050 | D:3      | Reached skill level 6 in Long Blades
  4353 | D:4      | Found a shattered altar of Ashenzari.
  4422 | D:4      | Reached skill level 7 in Long Blades
  4422 | D:4      | Reached XP level 7. HP: 3/52 MP: 7/7
  5302 | D:4      | Found a radiant altar of Vehumet.
  5546 | D:5      | Entered Level 5 of the Dungeon
  5708 | D:6      | Reached skill level 8 in Long Blades
  5827 | D:5      | Gained mutation: You may emit foul miasma when damaged in melee. [demonic ancestry]
  5827 | D:5      | Reached XP level 8. HP: 60/60 MP: 8/8
  5908 | D:5      | Found a blossoming altar of Fedhas.
  5908 | D:5      | Found a stormy altar of Qazlal.
  5908 | D:5      | Found a glowing silver altar of Zin.
  6046 | D:5      | Found a hide-covered altar of Uskayaw.
  6053 | D:5      | Found an oddly glowing altar of Pakellas.
  6310 | D:5      | Reached skill level 9 in Long Blades
  6700 | D:6      | Noticed Lessnames's ghost (novice DgFi)
  6790 | D:6      | Found Ofeel Refa's Armour Emporium.
  7087 | D:6      | Reached skill level 5 in Fighting
  7560 | D:6      | Found an opulent altar of Gozag.
  7968 | D:7      | Found a staircase to the Ecumenical Temple.
  7976 | Temple   | Entered the Ecumenical Temple
  7986 | Temple   | Became a worshipper of Warmaster Okawaru
  8041 | D:7      | Reached skill level 10 in Long Blades
  8312 | D:7      | Gained mutation: You have a pair of antennae on your head. [demonic ancestry]
  8312 | D:7      | Reached XP level 9. HP: 44/68 MP: 9/9
  8776 | D:8      | Found Moedwiomn's Gadget Shoppe.
  8870 | D:8      | Reached * piety under Okawaru
  8888 | D:8      | Gained mutation: Your body sometimes deteriorates upon taking damage. [mutagenic meat]
  9697 | D:8      | Learned a level 1 spell: Infusion
  9700 | D:8      | Learned a level 2 spell: Song of Slaying
  9704 | D:8      | Learned a level 3 spell: Regeneration
  9834 | D:7      | Reached skill level 11 in Long Blades
  9856 | D:7      | Reached ** piety under Okawaru
  9950 | D:7      | Reached skill level 1 in Necromancy
 10315 | D:8      | Found a deep blue altar of Sif Muna.
 10502 | D:9      | Reached skill level 1 in Charms
 10521 | D:9      | Reached skill level 1 in Spellcasting
 10538 | D:9      | Gained mutation: You are mostly covered in iridescent scales. (AC +6) [demonic ancestry]
 10538 | D:9      | Reached XP level 10. HP: 67/80 MP: 11/11
 11456 | D:9      | Found a staircase to the Lair.
 11473 | D:9      | Found a roughly hewn altar of Beogh.
 11806 | D:9      | Reached *** piety under Okawaru
 12608 | D:10     | Entered Level 10 of the Dungeon
 13372 | D:10     | Noticed Nergalle
 13455 | D:10     | Noticed a spectral orc warlord
 13494 | D:10     | Killed Nergalle
 13494 | D:10     | Reached **** piety under Okawaru
 13971 | D:10     | Found Kosilyja's Magic Scroll Shoppe.
 14275 | D:11     | Reached skill level 12 in Long Blades
 14380 | D:11     | Noticed a hill giant
 14392 | D:11     | Killed a hill giant
 14392 | D:11     | Gained mutation: You are completely covered in iridescent scales. (AC +8) [demonic ancestry]
 14392 | D:11     | Reached XP level 11. HP: 75/89 MP: 13/16
 14764 | D:11     | Noticed a hill giant
 14780 | D:11     | Killed a hill giant
 15192 | D:11     | Killed an unseen horror
 15708 | D:11     | Reached skill level 10 in Fighting
 16469 | D:11     | Noticed a tengu warrior
 16504 | D:11     | Killed a tengu warrior
 16712 | D:11     | Noticed Josephine
 16724 | D:11     | Killed Josephine
 16724 | D:11     | Reached skill level 1 in Dodging
 16796 | D:11     | HP: 4/92 [something (5)]
 16798 | D:11     | Killed an unseen horror
 17564 | D:12     | Noticed a green ugly thing
 17575 | D:12     | Killed an unseen horror
 17575 | D:12     | Reached XP level 12. HP: 79/98 MP: 16/19
 17596 | D:12     | Reached skill level 5 in Spellcasting
 17600 | D:12     | Reached skill level 13 in Long Blades
 17608 | D:12     | Gained mutation: You passively map a small area around you. [mutagenic meat]
 17611 | D:12     | Gained mutation: Your mind is acute. (Int +2) [mutagenic meat]
 17618 | D:12     | Reached skill level 5 in Charms
 17622 | D:12     | Gained mutation: Your mind is very acute. (Int +4) [mutagenic meat]
 17625 | D:12     | Gained mutation: You are resistant to hostile enchantments. (MR+) [mutagenic meat]
 17708 | D:12     | Reached ***** piety under Okawaru
 17812 | D:12     | Found a staircase to the Orcish Mines.
 17832 | D:12     | Noticed Snorg
 18086 | D:12     | Killed Snorg
 18128 | D:12     | Noticed Frances
 18136 | D:13     | Reached skill level 5 in Armour
 18751 | Orc:1    | Entered Level 1 of the Orcish Mines
 18751 | Orc:1    | Noticed an ettin
 18756 | Orc:1    | Killed an ettin
 18833 | Orc:1    | Found Wairool's Quality Used Wands.
 18875 | Orc:1    | Noticed a stone giant
 18903 | Orc:1    | Mangled by a stone giant

Vault maps used:
D:1:      ncdulo_wetmaze, serial_forest, infiniplex_forest_lined_2,
          infiniplex_forest_clump_cross, infiniplex_forest_lined_2,
          infiniplex_forest_split, infiniplex_forest_straight_3,
          infiniplex_forest_clump_tiny
D:2:      minmay_roachtagon, lemuel_round_altar, ecumenical_altar_1,
          lemuel_tele_altar
D:3:      first_bread, minmay_crystal_room
D:4:      vehumet_altar_wand_db, lemuel_doored_altar
D:5:      minitemple, gammafunk_temple_overflow_forgotten
D:6:      serial_shops, nicolae_shop_crystal, serial_bayou, serial_bayou_ford_a,
          serial_bayou_shore_b, serial_bayou_pond_e, serial_bayou_lake_a,
          serial_bayou_pond_e, nicolae_gozag_cash_rules_everything_around_me
D:8:      led_sif_pool, serial_shops, shop_statue
D:9:      grunt_lair_entry_orc_guard_hut
D:10:     serial_shops, nicolae_shop_competitors_out_of_business, uniq_nergalle
D:11:     grunt_tengu_nest, worms_lemuel, uniq_josephine
D:12:     orc_0_dummy, uniq_snorg, uniq_frances
D:13:     minmay_misc_feat_encased, evilmike_minifort, uniq_rupert
Temple:   dshaligram_water_room_temple
Orc:1:    serial_shops, shop, special_room, nicolae_orc_pool_cavern,
          nicolae_for_you_no_charge, uniq_erica

Skill      XL: |  1  2  3  4  5  6  7  8  9 10 11 12 |
---------------+-------------------------------------+-----
Long Blades    | 2 3 4 5 7 8 10 11 12 13 | 13.3
Fighting       | 4 5 8 9 10 11 | 11.0
Necromancy     | 1 2 |  2.0
Charms         | 1 3 4 5 |  5.5
Spellcasting   | 1 3 4 5 |  5.5
Armour         | 4 5 |  5.4
Dodging        | 1 2 |  2.9
Shields        | |  2.6

Action                   |  1- 3 |  4- 6 |  7- 9 | 10-12 || total
-------------------------+-------+-------+-------+-------++-------
Melee: Long sword        |   177 |   150 |   371 |   981 ||  1679
       Dagger            |       |   118 |   211 |    15 ||   344
       Great sword       |       |       |       |   302 ||   302
Throw: Throwing net      |     2 |     2 |       |       ||     4
       Javelin           |       |       |     9 |     2 ||    11
Invok: Heroism           |       |       |       |    23 ||    23
Evoke: Wand              |       |     3 |     5 |    16 ||    24
  Use: Scroll            |       |     2 |    10 |    17 ||    29
       Potion            |       |       |       |     9 ||     9
 Stab: Confused          |       |       |     4 |     6 ||    10
  Eat: Chunk             |     3 |     9 |    20 |    35 ||    67
       Beef jerky        |       |       |     1 |       ||     1
Armor: Scale mail        |    72 |    93 |    23 |       ||   188
       Plate armour      |       |       |   245 |   712 ||   957
       Skin              |       |       |       |    63 ||    63
Dodge: Dodged            |    37 |    57 |    35 |   201 ||   330
Block: Shield            |    82 |    90 |   176 |   392 ||   740
